 Dungeon Crawl Stone Soup version 0.24-a0-244-ga6a6ab7 (webtiles) character file.

Game seed: 10278284300003135974

157395 George the Severer (level 17, 0/139 HPs)
             Began as a Demonspawn Fighter on Apr 10, 2019.
             Was the Champion of Qazlal.
             Slain by an Executioner (16 damage)
             ... on level 2 of the Abyss.
             The game lasted 01:09:18 (24792 turns).

George the Severer (Demonspawn Fighter)            Turns: 24792, Time: 01:09:19

Health: 0/139      AC: 41    Str: 30    XL:     17   Next: 12%
Magic:  13/29      EV: 18    Int: 11    God:    Qazlal [******]
Gold:   1292       SH: 19    Dex: 18    Spells: 16/16 levels left

rFire    + . .     SeeInvis +   v - +0 broad axe (chop)
rCold    + . .     Gourm    .   c - +0 shield
rNeg     . . .     Faith    +   N - +9 plate armour of Becathot {Str+3}
rPois    +         Spirit   .   D - +1 helmet {SInv}
rElec    .         Reflect  .   J - +0 cloak
rCorr    .         Harm     .   A - +1 pair of gloves
MR       +....                  Q - +1 pair of boots {run}
Stlth    ..........             p - amulet of faith
HPRegen  0.33/turn              P - +4 ring of evasion
MPRegen  0.21/turn              b - ring of poison resistance

@: mighty, agile, protected from physical damage, studying Axes, repel missiles,
quick
A: claws 2, molten scales 3, cold resistance 1, powered by death 2, powered by
pain 1, freezing cloud immunity
a: Upheaval, Elemental Force, Disaster Area, Renounce Religion


You were on level 2 of the Abyss.
You worshipped Qazlal.
Qazlal was exalted by your worship.
You were not hungry.

You visited 5 branches of the dungeon, and saw 27 of its levels.
You visited the Abyss 1 time.
You also visited: Bailey, Gauntlet and Ice Cave.

You collected 4121 gold pieces.
You spent 2829 gold pieces at shops.

Inventory:

Hand Weapons
 j - a +3 vampiric hand axe
 v - a +0 broad axe of chopping (weapon)
 W - the +0 morningstar of Pyromania {flame, rElec MP+9}
   (You found it on level 2 of the Lair of Beasts)

   It has been specially enchanted to burn those struck by it, causing extra
   injury to most foes and up to half again as much damage against particularly
   susceptible opponents.
   It insulates you from electricity.
   It affects your magic capacity (+9).
Missiles
 S - 46 tomahawks of returning (quivered)
Armour
 c - a +0 shield (worn)
 A - a +1 pair of gloves (worn)
 D - a +1 helmet of see invisible (worn)
 J - a +0 cloak (worn)
 N - the +9 plate armour of Becathot (worn) {Str+3}
   (You found it on level 12 of the Dungeon)

   It affects your strength (+3).
 Q - a +1 pair of boots of running (worn)
Jewellery
 b - a ring of poison resistance (right hand)
 g - the ring "Tazyomy" {+Fly rElec Dex+3}
   (You found it in a Gauntlet)

   [ring of dexterity]

   It affects your dexterity (+3).
   It insulates you from electricity.
   It lets you fly.
 n - an uncursed amulet of the acrobat {unknown}
 p - an amulet of faith (around neck)
 s - an uncursed ring of resist corrosion
 t - an uncursed amulet of regeneration {unknown}
 F - an uncursed amulet of guardian spirit {unknown}
 I - an uncursed amulet of guardian spirit {unknown}
 P - a +4 ring of evasion (left hand)
 R - an uncursed amulet of regeneration {unknown}
 Z - a +6 ring of protection
Wands
 z - a wand of iceblast (31)
 C - a wand of digging (2)
 T - a wand of disintegration (13)
Scrolls
 k - 10 scrolls of teleportation
 l - 5 scrolls of remove curse
 q - 4 scrolls of magic mapping
 w - 5 scrolls of enchant armour
 E - 4 scrolls of enchant weapon
 G - 5 scrolls of summoning
 H - 3 scrolls of blinking
 M - 3 scrolls of fear {unknown}
 O - 3 scrolls of fog
 V - a scroll of brand weapon {unknown}
 X - a scroll of immolation {unknown}
Potions
 a - a potion of cancellation
 d - 7 potions of might
 e - 2 potions of resistance
 h - 7 potions of agility
 i - 9 potions of haste
 m - 5 potions of heal wounds
 o - 9 potions of curing
 u - a potion of invisibility {unknown}
 x - 2 potions of mutation
 K - 3 potions of magic
 Y - 7 potions of lignification
Books
 U - a manual of Axes
Miscellaneous
 r - a lightning rod (4/4)
 y - a fan of gales
 B - a phial of floods
Comestibles
 f - 31 rations
 L - 2 chunks of flesh


   Skills:
 + Level 14.3 Fighting
 - Level 18.0 Axes
 + Level 13.2 Armour
 + Level 4.0 Dodging
 + Level 5.0 Shields
 + Level 17.0 Invocations


You had 16 spell levels left.
You didn't know any spells.
Your spell library contained the following spells:

 Spells                   Type           Power        Failure   Level  Hunger
 Animate Skeleton         Necr           N/A          100%        1    ##.....
 Apportation              Tloc           #.....       100%        1    ##.....
 Confusing Touch          Hex            #.....       100%        1    ##.....
 Corona                   Hex            #......      100%        1    ##.....
 Flame Tongue             Conj/Fire      #....        100%        1    ##.....
 Freeze                   Ice            #...         100%        1    ##.....
 Magic Dart               Conj           #...         100%        1    ##.....
 Sandblast                Erth           #.....       100%        1    ##.....
 Summon Small Mammal      Summ           #...         100%        1    ##.....
 Ensorcelled Hibernation  Hex/Ice        #.....       100%        2    ###....
 Passwall                 Tmut/Erth      #.......     100%        2    ###....
 Searing Ray              Conj           #.....       100%        2    ###....
 Slow                     Hex            #.......     100%        2    ###....
 Throw Flame              Conj/Fire      #.....       100%        2    ###....
 Throw Frost              Conj/Ice       #.....       100%        2    ###....
 Confuse                  Hex            #.......     100%        3    ####...
 Conjure Flame            Conj/Fire      #.......     100%        3    ####...
 Dazzling Spray           Conj/Hex       #.....       100%        3    ####...
 Gell's Gravitas          Tloc           #.........   100%        3    ####...
 Inner Flame              Hex/Fire       #.......     100%        3    ####...
 Ozocubu's Armour         Chrm/Ice       #.......     100%        3    ####...
 Portal Projectile        Hex/Tloc       #.....       100%        3    ####...
 Stone Arrow              Conj/Erth      #.....       100%        3    ####...
 Tukima's Dance           Hex            #.......     100%        3    ####...
 Cause Fear               Hex            #.........   100%        4    #####..
 Force Lance              Conj/Tloc      #.......     100%        4    #####..
 Fulminant Prism          Conj/Hex       #.........   100%        4    #####..
 Iskenderun's Mystic Bla  Conj           #.......     100%        4    #####..
 Leda's Liquefaction      Hex/Erth       #.........   100%        4    #####..
 Petrify                  Tmut/Erth      #.......     100%        4    #####..
 Sticky Flame             Conj/Fire      #.......     100%        4    #####..
 Summon Ice Beast         Ice/Summ       #.......     100%        4    #####..
 Throw Icicle             Conj/Ice       #.......     100%        4    #####..
 Fireball                 Conj/Fire      #.........   100%        5    ######.
 Lee's Rapid Deconstruct  Erth           #.........   100%        5    ######.
 Metabolic Englaciation   Hex/Ice        #.........   100%        5    ######.
 Silence                  Hex/Air        #.........   100%        5    ######.
 Yara's Violent Unravell  Hex/Tmut       #.........   100%        5    ######.
 Deflect Missiles         Chrm/Air       #.........   100%        6    #######
 Discord                  Hex            #.........   100%        8    #######


Dungeon Overview and Level Annotations

Branches:
Dungeon (15/15)            Temple (1/1) D:4            Lair (6/6) D:11
 Shoals (0/4) Lair:2        Snake (3/4) Lair:2        Slime (0/5) Lair:6
    Orc (2/2) D:9             Elf (0/3) Orc:2        Vaults (0/5) D:13
 Depths (0/5) D:15

Altars:
Ashenzari
Cheibriados
Dithmenos
Elyvilon
Fedhas
Gozag
Hepliaklqana
Kikubaaqudgha
Makhleb
Nemelex Xobeh
Okawaru
Qazlal
Ru
Sif Muna
Trog
Uskayaw
Vehumet
Wu Jian
Xom
Yredelemnul
Zin
The Shining One

Shops:
D:9 [([   D:13 [   Orc:1 (   Orc:2 :[}

Annotations:
Snake:3 Louise


Innate Abilities, Weirdness & Mutations

You have very sharp fingernails.
You are completely covered in molten scales. (AC +4, rF+)
Your flesh is cold resistant. (rC+)
You regenerate health from kills.
You sometimes gain a little power by taking damage.
You are immune to freezing clouds.


Message History

You block the Executioner's attack.
The Executioner hits you but does no damage.
The rakshasa blinks!
The rakshasa is struck by lightning.
You block the rakshasa's attack.
You feel much better.
The Executioner is engulfed in freezing vapours.
You block the Executioner's attack. x3
The Executioner gestures at you. You resist with some effort.
The Executioner is engulfed in freezing vapours.
The Executioner gestures at you. Pain shoots through your body!
* * * LOW HITPOINT WARNING * * *
The Executioner hits you.
* * * LOW HITPOINT WARNING * * *
The Executioner hits you but does no damage.
The Executioner closely misses you.
The Executioner is engulfed in freezing vapours.
The Executioner hits you!
You die...

# . #.#.# ...
##.§..#.. ..#
## #..... .§#
.§#..... ##§#
#.##..##.≈. ..
#§.#R..#.# .
#.R..#.R§###.
.#
#.#.@#....#...
#.§1#1#.R#.#.#
#..§.#RR§.##
.# #...#.
.#.#..#
#.#####.
....#.# # #
.§≈#.# .
######§ .# ..
.#.# # #..


You could see 2 Executioners and 5 rakshasas.

Vanquished Creatures
  Vashnia (Snake:2)
  Agnes (D:15)
  Kirke (D:12)
  Roxanne (D:15)
  An ironheart preserver (D:13)
  A minotaur (Gauntlet)
  Snorg (D:12)
  An ettin (Orc:2)
  Josephine (D:12)
  Fannar (Orc:1)
  7 naga warriors
  3 catoblepae
  13 hydras
  6 centaur warriors
  5 anacondas
  A death scarab (Gauntlet)
  10 death yaks
  8 two-headed ogres
  A deep troll earth mage (D:12)
  2 thrashing horrors (Abyss:2)
  5 shock serpents
  3 orc high priests (Orc:2)
  8 naga sharpshooters (Snake:2)
  A salamander mystic (Snake:2)
  8 skeletal warriors
  3 unseen horrors
  A naga ritualist (Snake:1)
  A necromancer (IceCv)
  Pikel (D:6)
  5 orc knights (Orc:2)
  A golden dragon skeleton (Abyss:2)
  3 salamanders
  3 deep elf magi
  An oklob plant (Lair:6)
  6 orc sorcerers
  18 ugly things
  A worldbinder (Abyss:2)
  4 manticores
  5 cyclopes
  3 ice statues (IceCv)
  7 naga magi
  An apocalypse crab (Gauntlet)
  2 guardian serpents
  7 elephants
  Joseph (D:9)
  21 black mambas
  Psyche (D:12)
  12 spiny frogs
  A gargoyle (D:15)
  4 centaur skeletons
  4 komodo dragons
  A spiny frog (shapeshifter) (D:15)
  4 rime drakes
  9 ice devils (IceCv)
  A tengu conjurer (D:15)
  3 trolls
  4 polar bears (Lair:6)
  3 hornets
  A queen bee (Lair:2)
  A tyrant leech (shapeshifter) (D:15)
  Grinder (D:4)
  14 blink frogs
  17 slime creatures
  4 dream sheep (Lair:6)
  12 hippogriffs
  12 spriggans (Lair:6)
  8 redbacks (D:15)
  8 wraiths
  2 shadows
  2 wyverns
  38 yaks
  3 hogs (D:12)
  3 basilisks
  A hungry ghost (D:7)
  A steam dragon (D:14)
  A neqoxec (Abyss:2)
  A large abomination (Abyss:2)
  A warg (Orc:2)
  A soldier ant (D:6)
  An acid dragon (D:15)
  14 nagas
  7 porcupines
  16 water moccasins
  A spectral torpor snail (Gauntlet)
  12 ice beasts
  2 slaves (D:6)
  An eye of draining (D:13)
  A hornet zombie (D:15)
  44 orc warriors
  5 sky beasts
  2 necrophages
  5 black bears
  4 phantoms
  4 boggarts (Lair:6)
  18 centaurs
  19 crocodiles
  42 wolves
  15 ogres
  6 big kobolds
  18 bullfrogs
  6 scorpions
  A small abomination (Abyss:2)
  A water moccasin skeleton (D:8)
  32 killer bees
  5 wights (D:7)
  4 howler monkeys
  An electric eel (Lair:3)
  13 crimson imps
  A bullfrog zombie (D:12)
  10 hounds
  2 quasits
  2 wyvern simulacra (Gauntlet)
  27 orc priests
  4 centaur zombies
  13 jellies
  A gnoll shaman (Orc:2)
  A bullfrog skeleton (D:11)
  5 iguanas
  Ijyb (D:3)
  Terence (D:3)
  26 orc wizards
  2 hell rats (Lair:2)
  3 spriggan simulacra (IceCv)
  4 troll simulacra (IceCv)
  12 worker ants
  A bullfrog simulacrum (Gauntlet)
  3 centaur simulacra
  2 worker ant zombies (D:6)
  10 adders
  11 gnolls
  A naga simulacrum (IceCv)
  An ogre simulacrum (IceCv)
  5 shadow imps
  An adder skeleton (D:9)
  5 worms
  3 dart slugs (D:3)
  5 leopard geckos
  110 orcs
  4 giant cockroaches
  12 hobgoblins
  9 jackals
  3 quokkas
  10 bats
  11 frilled lizards
  6 goblins
  66 kobolds
  A leopard gecko skeleton (D:5)
  13 rats
  6 fungi
  5 plants
1084 creatures vanquished.

Vanquished Creatures (others)
  An ogre mage (D:15)
  A black mamba (Snake:2)
  A centaur skeleton (D:12)
  A bush (D:11)
  9 fungi
  8 plants
21 creatures vanquished.

Grand Total: 1105 creatures vanquished

Notes
Turn   | Place    | Note
-------+----------+-------------------------------------------
     0 | D:1      | George the Demonspawn Fighter began the quest for the Orb.
     0 | D:1      | Reached XP level 1. HP: 18/18 MP: 1/1
   131 | D:1      | Reached skill level 2 in Axes
   215 | D:1      | Gained mutation: You regenerate a little health from kills.
                  | [demonic ancestry]
   215 | D:1      | Reached XP level 2. HP: 24/24 MP: 2/2
   397 | D:1      | Reached skill level 3 in Axes
   931 | D:2      | Gained mutation: You are partially covered in molten
                  | scales. (AC +2) [demonic ancestry]
   931 | D:2      | Reached XP level 3. HP: 19/29 MP: 3/3
  1515 | D:2      | Gained mutation: You regenerate health from kills. [demonic
                  | ancestry]
  1515 | D:2      | Reached XP level 4. HP: 28/35 MP: 4/4
  2089 | D:3      | Noticed Ijyb
  2117 | D:3      | Killed Ijyb
  2135 | D:3      | Reached skill level 4 in Axes
  2237 | D:3      | Gained mutation: You are mostly covered in molten scales.
                  | (AC +3) [demonic ancestry]
  2237 | D:3      | Reached XP level 5. HP: 39/41 MP: 5/5
  2406 | D:3      | Gained mutation: You have sharp fingernails. [demonic
                  | ancestry]
  2406 | D:3      | Reached XP level 6. HP: 39/48 MP: 6/6
  2457 | D:3      | Reached skill level 5 in Axes
  2486 | D:3      | Reached XP level 7. HP: 43/55 MP: 7/7
  2785 | D:3      | Noticed Terence
  2793 | D:3      | Killed Terence
  3310 | D:4      | Found a staircase to the Ecumenical Temple.
  3346 | Temple   | Entered the Ecumenical Temple
  3354 | Temple   | Became a worshipper of Qazlal Stormbringer
  3399 | D:4      | Noticed Grinder
  3409 | D:4      | Killed Grinder
  3409 | D:4      | Reached skill level 6 in Axes
  3409 | D:4      | Reached skill level 1 in Invocations
  3731 | D:4      | Reached skill level 5 in Fighting
  3865 | D:5      | Entered Level 5 of the Dungeon
  3966 | D:5      | Reached XP level 8. HP: 62/62 MP: 9/9
  4375 | D:5      | Found a deep blue altar of Sif Muna.
  4513 | D:6      | Reached skill level 5 in Armour
  4523 | D:6      | Reached * piety under Qazlal
  4611 | D:6      | Reached skill level 7 in Axes
  4623 | D:6      | Found a large runed translucent door.
  4623 | D:6      | Found a large runed translucent door.
  4712 | D:6      | Found a large runed translucent door.
  4712 | D:6      | Found a large runed translucent door.
  5072 | D:6      | Noticed Pikel
  5182 | D:6      | Killed Pikel
  5182 | D:6      | Reached skill level 8 in Axes
  5182 | D:6      | Reached skill level 5 in Invocations
  5182 | D:6      | Gained mutation: You sometimes gain a little power by
                  | taking damage. [demonic ancestry]
  5182 | D:6      | Reached XP level 9. HP: 64/70 MP: 12/12
  5472 | D:7      | Reached ** piety under Qazlal
  6156 | D:8      | Reached skill level 9 in Axes
  6453 | D:8      | Reached *** piety under Qazlal
  6740 | D:9      | Noticed Joseph
  6748 | D:9      | Reached XP level 10. HP: 66/79 MP: 15/15
  6778 | D:9      | Killed Joseph
  6967 | D:9      | Found Mioderr's Weapon Shop.
  7008 | D:9      | Found a staircase to the Orcish Mines.
  7011 | D:9      | Found Ikistum's Armour Shop.
  7030 | D:9      | Bought a +1 pair of boots of running for 511 gold pieces
  7150 | D:9      | Found a radiant altar of Vehumet.
  7235 | D:9      | Found Citsisas's Antique Armour Shop.
  7241 | D:9      | Noticed a seven-headed hydra
  7250 | D:9      | Killed a seven-headed hydra
  7302 | D:9      | Found a white marble altar of Elyvilon.
  7305 | D:9      | Found a blossoming altar of Fedhas.
  7308 | D:9      | Found a sacrificial altar of Ru.
  7431 | D:9      | Reached **** piety under Qazlal
  7656 | D:10     | Entered Level 10 of the Dungeon
  7775 | D:10     | Reached skill level 10 in Axes
  7779 | D:10     | Killed an unseen horror
  8367 | D:11     | Noticed a cyclops
  8372 | D:11     | Noticed a manticore
  8374 | D:11     | Killed a cyclops
  8383 | D:11     | Killed a manticore
  8383 | D:11     | Gained mutation: Your flesh is cold resistant. (rC+)
                  | [demonic ancestry]
  8383 | D:11     | Reached XP level 11. HP: 20/87 MP: 17/17
  8642 | D:11     | Noticed a two-headed ogre
  8652 | D:11     | Killed a two-headed ogre
  8663 | D:11     | Reached skill level 11 in Axes
  8667 | D:11     | Noticed a two-headed ogre
  8681 | D:11     | Killed a two-headed ogre
  8681 | D:11     | Reached ***** piety under Qazlal
  8718 | D:11     | Found a staircase to the Lair.
  9425 | D:12     | Noticed Josephine
  9425 | D:12     | Noticed Snorg
  9437 | D:12     | Killed an unseen horror
  9437 | D:12     | Reached skill level 10 in Invocations
  9437 | D:12     | Killed Josephine
  9445 | D:12     | Noticed Psyche
  9449 | D:12     | Killed Snorg
  9449 | D:12     | Gained mutation: You are immune to freezing clouds.
                  | [demonic ancestry]
  9449 | D:12     | Reached XP level 12. HP: 70/96 MP: 3/19
  9450 | D:12     | Killed Psyche
  9451 | D:12     | Noticed a centaur warrior
  9456 | D:12     | Killed a centaur warrior
  9456 | D:12     | Reached skill level 12 in Axes
  9460 | D:12     | Noticed a five-headed hydra
  9472 | D:12     | Killed a six-headed hydra
  9559 | D:12     | Identified the +1 hand axe of Light {chop, Dex+2}
  9559 | D:12     | Noticed Kirke
  9575 | D:12     | Killed Kirke
  9585 | D:12     | Found a flagged portal.
  9591 | Bailey   | Entered a bailey
 10044 | D:12     | Reached skill level 10 in Fighting
 10143 | D:12     | Noticed a catoblepas
 10154 | D:12     | Killed a catoblepas
 10464 | D:12     | Noticed a two-headed ogre
 10469 | D:12     | Killed a two-headed ogre
 10474 | D:12     | Noticed a deep troll earth mage
 10481 | D:12     | Killed a deep troll earth mage
 10485 | D:12     | Got a distressingly furry plate armour
 10487 | D:12     | Got a brightly glowing hat
 10495 | D:12     | Identified the +0 hat of Lugonu's Castigation {Str+4} (You
                  | found it on level 12 of the Dungeon)
 10505 | D:12     | Identified the +9 plate armour of Becathot {Str+3} (You
                  | found it on level 12 of the Dungeon)
 10625 | Lair:1   | Entered Level 1 of the Lair of Beasts
 10625 | Lair:1   | Noticed a five-headed hydra
 10646 | Lair:1   | Killed a five-headed hydra
 10756 | Lair:1   | Found a frozen archway.
 10770 | Lair:1   | Reached skill level 13 in Axes
 10780 | IceCv    | Entered an ice cave
 10812 | IceCv    | Reached XP level 13. HP: 104/104 MP: 21/21
 11117 | IceCv    | Reached ****** piety under Qazlal
 11884 | Lair:2   | Reached skill level 10 in Armour
 12060 | Lair:2   | Found a staircase to the Snake Pit.
 12112 | Lair:2   | Found a staircase to the Shoals.
 12559 | Lair:2   | Got a bloodstained morningstar
 12693 | Lair:2   | Identified the cursed +0 morningstar of Pyromania {flame,
                  | rElec MP+9} (You found it on level 2 of the Lair of Beasts)
 13262 | Lair:3   | Reached skill level 14 in Axes
 13866 | Lair:3   | Got an ichor-stained plate armour
 13877 | Lair:3   | Identified the +7 plate armour of Prudence {Int+7} (You
                  | found it on level 3 of the Lair of Beasts)
 14743 | Lair:5   | Gained mutation: You are completely covered in molten
                  | scales. (AC +4, rF+) [demonic ancestry]
 14743 | Lair:5   | Reached XP level 14. HP: 111/113 MP: 15/23
 15497 | Lair:6   | Entered Level 6 of the Lair of Beasts
 16124 | Lair:6   | Reached skill level 15 in Axes
 17027 | Lair:6   | Found a staircase to the Slime Pits.
 17300 | Lair:6   | Got an ancient scale mail
 17311 | Lair:6   | Identified the cursed +1 scale mail "Jucearit" {rC+ Str+3
                  | Int+2} (You found it on level 6 of the Lair of Beasts)
 17805 | Orc:1    | Entered Level 1 of the Orcish Mines
 17810 | Orc:1    | Paralysed by an orc sorcerer for 4 turns
 17816 | Orc:1    | Noticed Fannar
 17879 | Orc:1    | Killed Fannar
 17879 | Orc:1    | Reached XP level 15. HP: 122/122 MP: 25/25
 18188 | Orc:1    | Found Asast's Weapon Emporium.
 18321 | Orc:2    | Entered Level 2 of the Orcish Mines
 18526 | Orc:2    | Found a staircase to the Elven Halls.
 18914 | Orc:2    | Found Xampem Koso's Book Shop.
 18914 | Orc:2    | Found Qianuz's Armour Shoppe.
 18930 | Orc:2    | Found Huiwij's Armour Shop.
 18930 | Orc:2    | Found Salyaff's Gadget Shoppe.
 18946 | Orc:2    | Bought a manual of Axes for 1876 gold pieces
 19003 | Orc:1    | Bought a +3 vampiric hand axe for 442 gold pieces
 19212 | D:13     | Found Tylew's Antique Armour Shop.
 19240 | D:13     | Found a gate to the Vaults.
 19252 | D:13     | Reached skill level 16 in Axes
 19267 | D:13     | Reached skill level 15 in Invocations
 20666 | D:14     | Found a deep blue altar of Sif Muna.
 20909 | D:15     | Entered Level 15 of the Dungeon
 20945 | D:15     | Reached skill level 17 in Axes
 20949 | D:15     | Noticed Agnes
 20991 | D:15     | Killed Agnes
 20996 | D:15     | Reached XP level 16. HP: 131/131 MP: 27/27
 21146 | D:15     | Found a gate leading to a gauntlet.
 21171 | Gauntlet | Entered a Gauntlet
 21171 | Gauntlet | Found a transporter.
 21171 | Gauntlet | Found a transporter.
 21171 | Gauntlet | Found a transporter.
 21172 | Gauntlet | Found a transporter.
 21174 | Gauntlet | Found a transporter.
 21176 | Gauntlet | Found a transporter.
 21184 | Gauntlet | Found a transporter.
 21185 | Gauntlet | Found a transporter.
 21186 | Gauntlet | Found a transporter.
 21188 | Gauntlet | Found a transporter.
 21195 | Gauntlet | Found a transporter.
 21198 | Gauntlet | Found a transporter.
 21534 | Gauntlet | Got an ichor-stained hat
 21545 | Gauntlet | Identified the -1 hat of Synamis {Str+5} (You found it in a
                  | Gauntlet)
 21624 | Gauntlet | Got a vibrating jade ring
 21628 | Gauntlet | Identified the ring "Tazyomy" {+Fly rElec Dex+3} (You found
                  | it in a Gauntlet)
 21759 | D:15     | Reached skill level 18 in Axes
 21764 | D:15     | Found a staircase to the Depths.
 22090 | D:15     | Identified Roxanne's Disquisition on Shape Shifting
 22090 | D:15     | Noticed Roxanne
 22269 | D:15     | Killed Roxanne
 22636 | Snake:1  | Entered Level 1 of the Snake Pit
 22738 | Snake:1  | Reached skill level 1 in Dodging
 23120 | Snake:2  | Noticed Vashnia
 23189 | Snake:2  | Killed Vashnia
 24581 | Snake:3  | Gained mutation: You have very sharp fingernails. [demonic
                  | ancestry]
 24581 | Snake:3  | Reached XP level 17. HP: 137/139 MP: 29/29
 24675 | Snake:3  | Noticed Louise
 24676 | Snake:3  | Cast into level 2 of the Abyss (Louise)
 24745 | Abyss:2  | Reached skill level 5 in Shields
 24791 | Abyss:2  | HP: 6/139 [Executioner (illusionary) (4)]
 24792 | Abyss:2  | Slain by an Executioner

Levels and vault maps discovered:
D:1:      lightli_arrival_maybe_door_vault, layout_basic, minmay_distorted
D:2:      layout_basic, kennysheep_boxes
D:3:      minmay_goblin_kobold_castle, layout_basic, uniq_terence, uniq_ijyb
D:4:      layout_rooms, temple_pool_b, uniq_grinder
D:5:      layout_loops_ring, first_ration, grunt_decor_one_mirror, led_sif_book
D:6:      layout_loops_ring, hangedman_decor_push,
          minmay_hollow_rounded_squares, uniq_pikel
D:7:      layout_loops_ring
D:8:      layout_basic
D:9:      layout_basic, marbit_many_paths, grunt_temple_overflow_diamond,
          orc_david_3, serial_shops, nicolae_shop_waterfront, grunt_pizzeria,
          uniq_joseph
D:10:     layout_roguey
D:11:     layout_stronghold, minmay_lair_entry_grove, minivault_16,
          minmay_orc_keep
D:12:     minmay_shrinking_squares, layout_loops_ring, enter_bailey_2,
          uniq_snorg, uniq_josephine, uniq_psyche, uniq_kirke
D:13:     layout_loops_cross, skrybe_vaults_entry_preservation, serial_shops,
          shop, special_room [special_room_orc], fungi_pond_lemuel
D:14:     layout_cave_pools, basic_altar, minmay_misc_feat_pillars
D:15:     hangedman_depths_entry_civil_slaughter, layout_rooms,
          gauntlet_entry_generic, drop_trap, grunt_decor_clamped,
          chequers_garden, uniq_agnes, uniq_roxanne
Temple:   nicolae_temple_no_exploring_needed
Lair:1:   layout_roguey, portal_ice_cave_entry_ice_beasts
Lair:2:   regret_index_combs_of_tragedy, layout_chaotic_city,
          minmay_shoals_entry_centaurs, cheibrodos_lair_caveside_slide,
          cheibrodos_lair_reptile_den
Lair:3:   layout_layer_cave, mumra_transporter_accident, grunt_megastairs_1,
          serial_bayou_shore_b, infiniplex_staircase_pool
Lair:4:   layout_cave_pods
Lair:5:   layout_regular_city, serial_bayou_shore_a, serial_bayou_shore_b,
          lemuel_fruit_tree
Lair:6:   minmay_lair_end_enchanted_forest, layout_gridlike,
          minmay_slime_entry_oklob_enclosed
Snake:1:  layout_rooms
Snake:2:  layout_chambers, grunt_megastairs_2, uniq_vashnia
Snake:3:  layout_cave_town, basic_altar, uniq_louise
Orc:1:    layout_caves, serial_shops, nicolae_shop_waterfront, uniq_fannar
Orc:2:    grunt_orc_tribal_feast, layout_diamond_mine
Abyss:2
Bailey:   bailey_axe_1, bailey
IceCv:    ice_cave_tombish
Gauntlet: minmay_gauntlet_mixed_big_or_small [nicolae_gauntlet_swirl,
          minmay_gauntlet_arena_77_checkered,
          gammafunk_gauntlet_arena_split_diamond,
          minmay_gauntlet_arena_77_radiant_squares,
          nicolae_gauntlet_arena_t_cross,
          minmay_gauntlet_arena_77_chump_sandwich, gauntlet_exit_green]

Skill      XL: |  1  2  3  4  5  6  7  8  9 10 11 12 13 14 15 16 17 |
---------------+----------------------------------------------------+-----
Axes           | 2 3 4 5 6 8 9 10 11 13 14 15 17 18 | 18.0
Armour         | 3 4 5 6 7 8 9 10 11 12 13 | 13.2
Fighting       | 4 5 6 7 8 9 10 11 12 13 14 | 14.3
Invocations    | 2 5 6 8 10 11 13 14 15 16 17 | 17.0
Shields        | 4 5 |  5.0
Dodging        | 3 4 |  4.0

Action                   |  1- 3 |  4- 6 |  7- 9 | 10-12 | 13-15 | 16-18 || total
-------------------------+-------+-------+-------+-------+-------+-------++-------
Melee: War axe           |   182 |   249 |    56 |       |       |       ||   487
       Broad axe         |       |       |   355 |   556 |  1333 |   656 ||  2900
       Flail             |       |       |       |    25 |       |       ||    25
       Unarmed           |       |       |       |     3 |       |       ||     3
       Morningstar       |       |       |       |       |    34 |     3 ||    37
Invok: Upheaval          |       |       |       |     6 |    13 |     2 ||    21
       Disaster Area     |       |       |       |       |       |     2 ||     2
  Use: Scroll            |       |       |    11 |     7 |     9 |     3 ||    30
       Potion            |       |       |       |     2 |       |     3 ||     5
 Stab: Petrified         |       |       |       |       |     5 |       ||     5
       Petrifying        |       |       |       |       |     2 |       ||     2
  Eat: Chunk             |     2 |     4 |    17 |    13 |    32 |    10 ||    78
       Ration            |       |       |     2 |       |       |     1 ||     3
Armor: Scale mail        |    41 |       |       |       |       |       ||    41
       Chain mail        |    60 |   204 |    44 |       |       |       ||   308
       Plate armour      |       |       |   203 |   434 |   903 |   395 ||  1935
Dodge: Dodged            |    51 |    60 |    69 |   105 |   251 |   185 ||   721
       Deflected         |       |       |       |    37 |     8 |    43 ||    88
Block: Shield            |    84 |   147 |   256 |   606 |  1344 |   640 ||  3077
       Other             |       |       |       |     3 |       |       ||     3

Table legend:
 A = Non-vault XP
 B = Vault XP
 C = Vault XP percentage of total XP
 D = Non-vault monster count
 E = Vault monster count
 F = Vault count percentage of total count
                 A         B        C        D         E       F
            +---------+---------+-------+---------+---------+-------
      Total |  153292 |   71559 |  31.8 |     721 |     351 |  32.7
            +---------+---------+-------+---------+---------+-------
        D:1 |      35 |       1 |   2.8 |      27 |       1 |   3.6
        D:2 |      70 |       0 |   0.0 |      30 |       0 |   0.0
        D:3 |      66 |     669 |  91.0 |      26 |      57 |  68.7
        D:4 |     204 |     267 |  56.7 |       5 |       1 |  16.7
        D:5 |     495 |       0 |   0.0 |      17 |       0 |   0.0
        D:6 |     769 |    1163 |  60.2 |      23 |       7 |  23.3
        D:7 |    1041 |       0 |   0.0 |      28 |       0 |   0.0
        D:8 |     699 |       0 |   0.0 |      17 |       0 |   0.0
        D:9 |    2309 |     995 |  30.1 |      24 |       8 |  25.0
       D:10 |    2296 |       0 |   0.0 |      22 |       0 |   0.0
       D:11 |    5148 |    1975 |  27.7 |      26 |      22 |  45.8
       D:12 |    4561 |    9556 |  67.7 |      28 |      16 |  36.4
       D:13 |   11219 |    5634 |  33.4 |      42 |      33 |  44.0
       D:14 |    7628 |       0 |   0.0 |      26 |       0 |   0.0
       D:15 |   27298 |    7375 |  21.3 |      75 |       8 |   9.6
     Lair:1 |    4678 |    1068 |  18.6 |      21 |       8 |  27.6
     Lair:2 |    3653 |    5746 |  61.1 |      19 |      51 |  72.9
     Lair:3 |    3956 |       0 |   0.0 |      16 |       0 |   0.0
     Lair:4 |    4287 |       0 |   0.0 |      20 |       0 |   0.0
     Lair:5 |   21039 |     328 |   1.5 |      56 |       2 |   3.4
     Lair:6 |    8147 |    8712 |  51.7 |      16 |      49 |  75.4
    Snake:1 |   11246 |       0 |   0.0 |      21 |       0 |   0.0
    Snake:2 |   16116 |   10450 |  39.3 |      30 |       9 |  23.1
    Snake:3 |    6437 |       0 |   0.0 |      13 |       0 |   0.0
      Orc:1 |    2941 |    1043 |  26.2 |      53 |       1 |   1.9
      Orc:2 |    3743 |    7117 |  65.5 |      33 |      30 |  47.6
    Abyss:2 |    3211 |       0 |   0.0 |       7 |       0 |   0.0
     Bailey |       0 |    1001 | 100.0 |       0 |      16 | 100.0
      IceCv |       0 |    5258 | 100.0 |       0 |      23 | 100.0
   Gauntlet |       0 |    3201 | 100.0 |       0 |       9 | 100.0
            +---------+---------+-------+---------+---------+-------
